 Dungeon Crawl Stone Soup version 0.20.0-10-g0535bb4 (webtiles) character file.

556 JeffiDaFish the Cudgeler (level 7, -1/44 HPs)
             Began as a Gargoyle Fighter on June 7, 2017.
             Slain by an ogre
             ... wielding a +0 giant club
              (14 damage)
             ... on level 4 of the Dungeon.
             The game lasted 00:07:30 (2730 turns).

JeffiDaFish the Cudgeler (Gargoyle Fighter)         Turns: 2730, Time: 00:07:30

Health: -1/44      AC: 16    Str: 21 (24) XL:     7   Next: 30%
Magic:  7/7        EV:  8    Int:  7 (9)  God:
Gold:   139        SH:  9    Dex: 10 (11) Spells: 6/6 levels left

rFire    . . .     SeeInvis .   a - +1 flail
rCold    . . .     Gourm    .   c - +0 shield
rNeg     + . .     Faith    .   b - +0 scale mail
rPois    ∞         Spirit   .   j - -1 helmet (curse)
rElec    +         Reflect  .   g - +1 cloak
rCorr    .         Harm     .   (no gloves)
MR       .....                  l - +1 pair of boots
Stlth    ..........             (no amulet)
Regen    0.2/turn               (no ring)
MPRegen  0.1/turn               (no ring)

@: mighty
A: negative energy resistance 1, electricity resistance, unbreathing,
petrification resistance, rot immunity, AC +4
a: no special abilities


You were on level 4 of the Dungeon.
You were not hungry.

You visited 1 branch of the dungeon, and saw 4 of its levels.

You collected 139 gold pieces.

Inventory:

Hand Weapons
 a - a +1 flail (weapon)
Armour
 b - a +0 scale mail (worn)
 c - a +0 shield (worn)
 e - a +0 helmet
 g - a +1 cloak (worn)
 j - a cursed -1 helmet (worn)
 l - a +1 pair of boots (worn)
Scrolls
 i - a scroll of teleportation
 m - 3 scrolls of remove curse
Comestibles
 f - 3 bread rations
 h - 3 meat rations
 k - 2 chunks of flesh


   Skills:
 + Level 4.5 Fighting
 + Level 5.2 Maces & Flails
 + Level 4.5 Armour
 + Level 1.2 Dodging
 + Level 0.8 Stealth
 + Level 4.9 Shields


You had 6 spell levels left.
You didn't know any spells.

Dungeon Overview and Level Annotations

Branches:
Dungeon (4/15)
 Temple: D:4-7

Altars:
Ashenzari
Dithmenos
Ru
Trog
Zin

Shops:
D:4 :


Innate Abilities, Weirdness & Mutations

You are resistant to torment.
Your stone body is resilient. (AC +4)
You are immune to poison.
You resist negative energy. (rN+)
You are resistant to electric shocks. (rElec)
You can survive without breathing.
You are immune to petrification.
You are immune to rotting.


Message History

You block the jackal's attack.
You closely miss the jackal. You block the jackal's attack.
The jackal bites you but does no damage.
The jackal bites you but does no damage.
You closely miss the jackal. The jackal completely misses you.
The jackal bites you.
* * * LOW HITPOINT WARNING * * *
You block the jackal's attack.
The jackal bites you but does no damage.
The jackal closely misses you.
You miss the jackal. You block the jackal's attack.
The jackal bites you but does no damage. x2
The jackal closely misses you. The jackal barely misses you. x2
Some of the chunks of flesh in your inventory have rotted away.
You bludgeon the jackal!!
You kill the jackal!
You block the jackal's attack.
The jackal bites you but does no damage.
The ogre hits you with a giant club!
You die...

### #.# ..# #
#......###### ....####
#.#.#.#.hh... ........
#........# #.....
#.#.#†## ..######
#......# .. # #.#.#.##
#. # #...hOh# #.## #
#.#.#@## # #..# ##
#......# #. # #.###.
#.#.#.## #..#.###.....
#......# #...#....###
#.#.#.## #....#.##
#......######...#.#
#.#.#.##..........#
#.<....#.#######..####
#.#.#.##.# ### #......


You could see an ogre and 2 jackals.

Vanquished Creatures
  A sky beast (D:3)
  An ogre (D:4)
  A scorpion (D:4)
  2 orc wizards (D:3)
  A bullfrog skeleton (D:4)
  A worker ant (D:4)
  4 gnolls (D:3)
  7 adders
  2 oozes (D:1)
  2 worms (D:3)
  3 dart slugs
  4 leopard geckos
  11 orcs
  A ball python (D:2)
  4 bats
  3 giant cockroaches
  9 goblins
  9 hobgoblins
  6 jackals
  2 quokkas (D:3)
  4 frilled lizards
  10 kobolds
  9 rats
  A bush (D:1)
98 creatures vanquished.

Notes
Turn   | Place    | Note
-------+----------+-------------------------------------------
     0 | D:1      | JeffiDaFish the Gargoyle Fighter began the quest for the Orb.
     0 | D:1      | Reached XP level 1. HP: 14/14 MP: 1/1
    42 | D:1      | Reached XP level 2. HP: 17/19 MP: 2/2
   350 | D:1      | Reached XP level 3. HP: 23/23 MP: 3/3
   732 | D:2      | Reached XP level 4. HP: 29/29 MP: 4/4
   899 | D:2      | Reached skill level 3 in Maces & Flails
  1330 | D:3      | Reached XP level 5. HP: 31/33 MP: 5/5
  1795 | D:3      | Found a glowing silver altar of Zin.
  1795 | D:3      | Noticed an angel
  1858 | D:3      | Reached skill level 4 in Maces & Flails
  1910 | D:3      | Noticed a sky beast
  1944 | D:3      | Killed a sky beast
  1944 | D:3      | Reached XP level 6. HP: 32/38 MP: 6/6
  2190 | D:3      | Reached skill level 1 in Dodging
  2297 | D:4      | Reached XP level 7. HP: 27/44 MP: 7/7
  2472 | D:4      | Reached skill level 5 in Maces & Flails
  2489 | D:4      | Found Xewnamor's Book Shop.
  2522 | D:4      | Found a bloodstained altar of Trog.
  2620 | D:4      | Found a sacrificial altar of Ru.
  2683 | D:4      | Found a shadowy altar of Dithmenos.
  2691 | D:4      | Found a shattered altar of Ashenzari.
  2730 | D:4      | Slain by an ogre

Skill      XL: |  1  2  3  4  5  6  7 |
---------------+----------------------+-----
Shields        | 4 |  4.9
Maces & Flails | 3 4 5 |  5.2
Armour         | 4 |  4.5
Fighting       | 4 |  4.5
Dodging        | 1 |  1.2
Stealth        | |  0.8

Action                   |  1- 3 |  4- 6 |  7- 9 || total
-------------------------+-------+-------+-------++-------
Melee: Flail             |   142 |   282 |    37 ||   461
  Use: Scroll            |     2 |     6 |       ||     8
       Potion            |     1 |     2 |     2 ||     5
  Eat: Chunk             |       |     6 |     1 ||     7
Armor: Scale mail        |    58 |   155 |    26 ||   239
Dodge: Dodged            |    34 |    86 |    14 ||   134
Block: Shield            |    51 |   130 |    16 ||   197
